 Dungeon Crawl Stone Soup version 0.29-a0-284-gf9362112df (webtiles) character file.

Game seed: 8749400463067722683

3440 being54 the Basher (level 10, -4/65 HPs)
             Began as a Gargoyle Fighter on Mar 21, 2022.
             Was a Believer of Okawaru.
             Slain by a four-headed hydra (9 damage)
             ... on level 8 of the Dungeon.
             The game lasted 00:17:01 (8629 turns).

being54 the Basher (Gargoyle Fighter)               Turns: 8629, Time: 00:17:02

Health: -4/65      AC: 22    Str: 22    XL:     10   Next: 5%
Magic:  10/10      EV:  7    Int:  9    God:    Okawaru [**....]
Gold:   528        SH:  5    Dex: 11    Spells: 9/9 levels left

rFire   . . .      SeeInvis +   s - +0 morningstar
rCold   . . .      Faith    .   c - +0 buckler
rNeg    + . .      Spirit   .   d - +0 chain mail
rPois   ∞          Reflect  .   x - +2 helmet
rElec   +          Harm     .   (no cloak)
rCorr   .          Rampage  .   (no gloves)
Will    .....                   p - +0 pair of boots
Stlth   ..........              (no amulet)
HPRegen 0.20/turn               i - ring of see invisible
MPRegen 0.12/turn               (no ring)

@: studying Maces & Flails
A: sickness immunity, AC +7, negative energy resistance 1, electricity
resistance, torment resistance 1, petrification resistance
a: Renounce Religion, Heroism


You were on level 8 of the Dungeon.
You worshipped Okawaru.
Okawaru was pleased with you.
You visited 2 branches of the dungeon, and saw 9 of its levels.

You collected 528 gold pieces.

Inventory:

Hand Weapons
 s - a +0 morningstar (weapon)
Armour
 c - a +0 buckler (worn)
 d - a +0 chain mail (worn)
 p - a +0 pair of boots (worn)
 x - a +2 helmet (worn)
Jewellery
 i - a ring of see invisible (left hand)
 o - a ring of resist corrosion
Wands
 b - a wand of mindburst (16)
 q - a wand of acid (15)
Scrolls
 g - a scroll of teleportation
Potions
 a - 4 potions of curing
 e - 2 potions of heal wounds
 f - 3 potions of lignification
 h - a potion of resistance
 j - 2 potions of haste
 l - a potion of mutation {unknown}
 m - a potion of flight
 n - a potion of attraction {unknown}
 r - a potion of cancellation {unknown}


   Skills:
 * Level 8.4 Fighting
 + Level 9.3 Maces & Flails
 * Level 7.7 Armour
 + Level 6.0 Shields
 + Level 0.5 Invocations
 + Level 3.7 Evocations


You had 9 spell levels left.
You didn't know any spells.
Your spell library contained the following spells:

 Spells                   Type           Power      Damage    Failure   Level
 Apportation              Tloc           0%         N/A       98%         1
 Fireball                 Conj/Fire      0%         3d3       100%        5
 Conjure Ball Lightning   Conj/Air       0%         3x3d6     100%        6
 Starburst                Conj/Fire      0%         6d3       100%        6
 Discord                  Hex            0%         N/A       100%        8
 Disjunction              Tloc           0%         N/A       100%        8
 Ignition                 Fire           0%         3d3       100%        8
 Animate Skeleton         Necr           Unusable   N/A       N/A         1
 Summon Small Mammal      Summ           Unusable   N/A       N/A         1

Dungeon Overview and Level Annotations

Branches:
Dungeon (8/15)             Temple (1/1) D:6
   Lair: D:8-11

Altars:
Cheibriados
Dithmenos
Elyvilon
Fedhas
Gozag
Hepliaklqana
Kikubaaqudgha
Makhleb
Nemelex Xobeh
Okawaru
Ru
Sif Muna
Trog
Uskayaw
Vehumet
Wu Jian
Xom
Yredelemnul
Zin
The Shining One


Innate Abilities, Weirdness & Mutations

You are immune to sickness and miasma.
Your stone body is resilient. (AC +7)
You are immune to poison.
You resist negative energy. (rN+)
You are resistant to electric shocks. (rElec)
You are resistant to unholy torment.
You are immune to petrification.


Message History

The four-headed hydra bites you but does no damage.
You hit the four-headed hydra but do no damage.
The four-headed hydra bites you!
The four-headed hydra bites you but does no damage. x3
You sock the four-headed hydra!
The four-headed hydra is lightly wounded.
The four-headed hydra barely misses you.
The four-headed hydra bites you.
The four-headed hydra bites you but does no damage.
The four-headed hydra bites you!
You hit the four-headed hydra.
The four-headed hydra is lightly wounded.
The four-headed hydra bites you but does no damage.
You block the four-headed hydra's attack.
The four-headed hydra bites you.
The four-headed hydra bites you but does no damage.
You hit the four-headed hydra.
The four-headed hydra is lightly wounded.
The four-headed hydra bites you but does no damage. x4
You impale the four-headed hydra!!
The four-headed hydra is heavily wounded.
The four-headed hydra bites you! The four-headed hydra bites you. x2
The four-headed hydra bites you but does no damage.
You sock the four-headed hydra!
The four-headed hydra is heavily wounded.
The four-headed hydra bites you but does no damage. x3
You block the four-headed hydra's attack.
You puncture the four-headed hydra!
The four-headed hydra is severely wounded.
The four-headed hydra bites you!
* * * LOW HITPOINT WARNING * * *
The four-headed hydra bites you.
* * * LOW HITPOINT WARNING * * *
The four-headed hydra bites you.
* * * LOW HITPOINT WARNING * * *
The four-headed hydra bites you.
* * * LOW HITPOINT WARNING * * *
The four-headed hydra closely misses you.
The four-headed hydra bites you!
You die...

....# ... ....#
######.. ....#####
##...... ........#
#......
....###.#.###..#..
....#.#.#......#.#
....#.#.####.).#.######
.............).......>#
#.#.#.#.#####).#@####.#
..#.#.#........#D#
......########.#z.
###.### #+#.## ###.##
... .....# ..# .....#
... .#...# .... .#...#


You could see a four-headed hydra and a wight.

Vanquished Creatures
  Joseph (D:7)
  Maggie (D:6)
  A hornet (D:8)
  A shadow (D:6)
  A steam dragon (D:8)
  A water moccasin (D:7)
  2 ice beasts (D:6)
  A sky beast (D:8)
  2 black bears
  2 phantoms
  Blork the orc (D:6)
  A bullfrog (D:7)
  A necrophage (D:8)
  2 scorpions
  3 wights (D:8)
  3 killer bees (D:7)
  2 howler monkeys (D:7)
  9 hounds
  A gnoll shaman (D:7)
  A jelly (D:5)
  3 orc priests
  An iguana (D:5)
  5 orc wizards
  A gnoll (D:7)
  16 adders
  9 river rats (D:6)
  A shadow imp (D:7)
  2 white imps
  2 ufetubi
  3 worms
  3 dart slugs
  13 orcs
  4 ball pythons
  6 bats
  5 endoplasms
  3 giant cockroaches
  6 goblins
  11 hobgoblins
  12 quokkas
  3 frilled lizards
  8 kobolds
  15 rats
169 creatures vanquished.

Vanquished Creatures (others)
  A sky beast (D:6)
1 creature vanquished.

Grand Total: 170 creatures vanquished

Notes
Turn   | Place    | Note
-------+----------+-------------------------------------------
     0 | D:1      | being54 the Gargoyle Fighter began the quest for the Orb.
     0 | D:1      | Reached XP level 1. HP: 14/14 MP: 1/1
     7 | D:1      | Noticed a salamander
     7 | D:1      | Noticed a lindwurm
     7 | D:1      | Noticed a black bear
     8 | D:1      | Noticed a swamp drake
   127 | D:1      | Reached XP level 2. HP: 19/19 MP: 2/2
   519 | D:1      | Reached XP level 3. HP: 17/24 MP: 3/3
   864 | D:2      | Reached skill level 3 in Maces & Flails
  1208 | D:2      | Reached XP level 4. HP: 3/29 MP: 4/4
  2128 | D:2      | Found an ornate altar of the Wu Jian Council.
  2653 | D:3      | Reached skill level 4 in Maces & Flails
  2653 | D:3      | Reached XP level 5. HP: 34/34 MP: 5/5
  3255 | D:4      | You fall into a shaft and drop 1 floor!
  3255 | D:5      | Entered Level 5 of the Dungeon
  3262 | D:5      | Reached skill level 5 in Maces & Flails
  3262 | D:5      | Reached XP level 6. HP: 36/40 MP: 6/6
  3367 | D:5      | Reached skill level 5 in Fighting
  3696 | D:5      | Reached skill level 6 in Maces & Flails
  4002 | D:5      | Reached XP level 7. HP: 39/44 MP: 7/7
  4049 | D:5      | Reached skill level 7 in Maces & Flails
  5174 | D:6      | Noticed Maggie
  5198 | D:6      | Killed Maggie
  5199 | D:6      | Reached skill level 1 in Evocations
  5199 | D:6      | Reached XP level 8. HP: 21/51 MP: 8/8
  5396 | D:6      | Noticed Blork the orc
  5405 | D:6      | Killed Blork the orc
  5425 | D:6      | Reached skill level 5 in Armour
  6082 | D:6      | Found a staircase to the Ecumenical Temple.
  6131 | D:6      | Reached skill level 8 in Maces & Flails
  6151 | Temple   | Entered the Ecumenical Temple
  6329 | Temple   | Became a worshipper of Warmaster Okawaru
  6541 | D:6      | Noticed a shadow
  6600 | D:6      | Killed a shadow
  6601 | D:6      | Reached skill level 5 in Shields
  6601 | D:6      | Reached XP level 9. HP: 44/57 MP: 9/9
  7363 | D:7      | Noticed Joseph
  7370 | D:7      | Reached * piety under Okawaru
  7427 | D:7      | Killed Joseph
  7714 | D:7      | Found a glowing silver altar of Zin.
  7714 | D:7      | Noticed an angel
  8151 | D:8      | Reached ** piety under Okawaru
  8152 | D:8      | Reached skill level 9 in Maces & Flails
  8253 | D:8      | Noticed a hornet
  8279 | D:8      | Killed a hornet
  8290 | D:8      | Reached XP level 10. HP: 20/64 MP: 10/10
  8616 | D:8      | Noticed a four-headed hydra
  8629 | D:8      | Slain by a four-headed hydra

Illustrated notes

Levels and vault maps discovered:
D:1:      onia_arrival_zoo_common, layout_rooms
D:2:      layout_rooms, basic_altar
D:3:      layout_basic
D:4:      layout_basic
D:5:      layout_loops_ring, minmay_manual_monolith
D:6:      lemuel_ratsnest, layout_rooms, minmay_temple_entry_statues_pillars,
          minmay_misc_feat_ornament, uniq_maggie, uniq_blork_the_orc
D:7:      layout_loops_ring, zin_angel, kennysheep_dice, uniq_joseph
D:8:      layout_basic, serial_undead, serial_undead_e, serial_undead_d,
          serial_undead_a, serial_undead_a, serial_shops, nicolae_shop_stone,
          minmay_holes, uniq_amaemon, uniq_prince_ribbit1, uniq_pikel
Temple:   dpeg_five_rooms_temple

Skill      XL: |  1  2  3  4  5  6  7  8  9 10 |
---------------+-------------------------------+-----
Maces & Flails | 3 4 5 6 7 8 9 |  9.3
Fighting       | 4 5 7 8 |  8.4
Armour         | 4 6 7 |  7.7
Shields        | 4 5 6 |  6.0
Evocations     | 1 2 3 |  3.7
Invocations    | |  0.5

Action                   |  1- 3 |  4- 6 |  7- 9 | 10-12 || total
-------------------------+-------+-------+-------+-------++-------
Melee: Flail             |    24 |       |       |       ||    24
       Mace              |    99 |    49 |   438 |    13 ||   599
       Whip              |       |   168 |    59 |       ||   227
       Morningstar       |       |       |       |    13 ||    13
  Use: Scroll            |     5 |       |     7 |     1 ||    13
       Potion            |       |     1 |    11 |       ||    12
Armor: Scale mail        |   104 |    53 |       |       ||   157
       Chain mail        |       |    47 |   345 |    26 ||   418
Dodge: Dodged            |   102 |    71 |   145 |    10 ||   328
Block: Buckler           |    29 |    38 |    93 |     7 ||   167

Table legend: (Time is in decaauts)
 A = Elapsed time spent in this place.
 B = Non-inter-level travel time spent in this place.
 C = Inter-level travel time spent in this place.
 D = Time resting spent in this place.
 E = Time spent auto-exploring this place.
 F = Levels seen in this place.
 G = Mean time per level.
                   A        B        C        D        E       F      G
               +--------+--------+--------+--------+--------+-----+--------+
         Total |   8648 |   8329 |    319 |   1802 |   5118 |   9 |  960.9 |
       Dungeon |   8289 |   8023 |    266 |   1802 |   4822 |   8 | 1036.1 |
        Temple |    358 |    305 |     53 |      0 |    296 |   1 |  358.0 |
               +--------+--------+--------+--------+--------+-----+--------+

Top non-repeatable levels by time:
     D:6: 1554 daAuts
     D:2: 1547 daAuts
     D:5: 1253 daAuts
     D:7: 1021 daAuts
     D:1: 853 daAuts
     D:4: 804 daAuts
     D:3: 740 daAuts
     D:8: 514 daAuts
  Temple: 358 daAuts
